 Dungeon Crawl Stone Soup version 0.30.0-29-ga12c61a403 (webtiles) character file.

Game seed: 4293576466684036583

3818 BONEBRO the Basher (level 10, -1/78 HPs)
             Began as a Hill Orc Fighter on June 13, 2023.
             Was a Follower of Beogh.
             Slain by a spriggan
             ... wielding a +6 whip of freezing
              (14 damage)
             ... in a bailey on June 14, 2023.
             The game lasted 00:36:11 (7667 turns).

BONEBRO the Basher (Hill Orc Fighter)               Turns: 7667, Time: 00:36:12

Health: -1/78      AC: 12    Str: 24    XL:     10   Next: 17%
Magic:  10/10      EV: 10    Int:  8    God:    Beogh [*.....]
Gold:   378        SH:  4    Dex: 10    Spells: 9/9 levels left

rFire   . . .        D - +5 flail (drain)
rCold   . . .        c - +0 buckler
rNeg    + . .        Q - +0 acid dragon scales
rPois   .            g - +0 helmet
rElec   .            K - +0 cloak
rCorr   +            F - +0 pair of gloves
SInv    .            (no boots)
Will    .....        (no amulet)
Stlth   +            B - ring of positive energy
HPRegen 0.33/turn    (no ring)
MPRegen 0.12/turn

%: no passive effects
@: no status effects
A: no striking features
a: Renounce Religion


You were in a bailey.
You worshipped Beogh.
Beogh was aware of your devotion.
You visited 1 branch of the dungeon, and saw 8 of its levels.
You also visited: Sewer and Bailey.

You collected 378 gold pieces.

Inventory:

Hand Weapons
 a - a +0 war axe
 d - a +0 scythe
 z - a +3 quarterstaff of chaos
 D - a +5 flail of draining (weapon)
Missiles
 k - 17 poisoned darts (quivered)
 s - 4 silver javelins
 M - 5 curare-tipped darts
Armour
 b - a +0 scale mail
 c - a +0 buckler (worn)
 g - a +0 helmet (worn)
 F - a +0 pair of gloves (worn)
 K - a +0 cloak (worn)
 Q - +0 acid dragon scales (worn)
Jewellery
 n - a ring of magical power
 B - a ring of positive energy (left hand)
 J - an amulet of the acrobat
Wands
 E - a wand of flame (43)
 N - a wand of light (11)
 O - a wand of paralysis (7)
 R - a wand of iceblast (11)
Scrolls
 h - 3 scrolls of noise
 i - 2 scrolls of poison {unknown}
 j - 5 scrolls of teleportation
 o - a scroll of fog {unknown}
 q - 2 scrolls of fear
 r - 2 scrolls of magic mapping {unknown}
 u - 3 scrolls of vulnerability
 y - a scroll of blinking {unknown}
 A - 2 scrolls of enchant armour {unknown}
 I - a scroll of enchant weapon {unknown}
 P - a scroll of acquirement {unknown}
Potions
 e - 7 potions of cancellation
 f - 2 potions of degeneration {unknown}
 l - 2 potions of ambrosia {unknown}
 m - 3 potions of curing
 t - a potion of attraction {unknown}
 v - 2 potions of mutation
 w - 2 potions of magic
 x - 2 potions of invisibility {unknown}
 C - 2 potions of lignification
 G - 3 potions of flight
 H - a potion of brilliance {unknown}
 L - a potion of haste {unknown}


   Skills:
 - Level 3.7 Fighting
 - Level 10.0(12.5) Axes
 + Level 10.3(11.6) Maces & Flails
 - Level 9.2 Armour
 - Level 3.3 Shields


You had 9 spell levels left.
You didn't know any spells.
Your spell library contained the following spells:

 Spells                   Type           Power      Damage    Failure   Level
 Beastly Appendage        Tmut           0%         N/A       54%         1
 Freeze                   Ice            0%         1d3       54%         1
 Kiss of Death            Conj/Necr      0%         2d5       54%         1
 Slow                     Hex            0%         N/A       54%         1
 Summon Small Mammal      Summ           0%         N/A       54%         1
 Ensorcelled Hibernation  Hex/Ice        0%         N/A       67%         2
 Passwall                 Tmut/Erth      0%         N/A       67%         2
 Wereblood                Tmut           0%         N/A       67%         2
 Confusing Touch          Hex            0%         N/A       88%         3
 Frozen Ramparts          Ice            0%         1d1       88%         3
 Hailstorm                Conj/Ice       0%         3d3       88%         3
 Inner Flame              Hex/Fire       0%         N/A       88%         3
 Spider Form              Tmut/Pois      0%         N/A       88%         3
 Swiftness                Air            0%         N/A       88%         3
 Vampiric Draining        Necr           0%         2d6       88%         3
 Flame Wave               Conj/Fire      0%         2d4       99%         4
 Fulminant Prism          Conj/Hex       0%         3d5       99%         4
 Sticky Flame             Conj/Fire      0%         2d3       99%         4
 Lehudib's Crystal Spear  Conj/Erth      0%         10d2      100%        8


Dungeon Overview and Level Annotations

Branches:
Dungeon (8/15)             Temple (0/1) D:5           Sewer (visited)
 Bailey (1/1)
   Lair: D:8-11

Altars:
Kikubaaqudgha
Makhleb
Qazlal
Sif Muna
Vehumet
Wu Jian

Shops:
D:6 :   D:7 :


Message History

You miss the spriggan.
The spriggan is heavily wounded.
You miss the spriggan.
The spriggan is heavily wounded.
The spriggan hits you with a +6 whip of freezing.
The spriggan freezes you.
You closely miss the spriggan.
The spriggan is heavily wounded.
The spriggan barely misses you.
You barely miss the spriggan.
The spriggan is heavily wounded.
The spriggan hits you with a +6 whip of freezing!
The spriggan freezes you.
* * * LOW HITPOINT WARNING * * *
You closely miss the spriggan.
The spriggan is heavily wounded.
The spriggan splashes around in the water.
You closely miss the spriggan.
The spriggan is heavily wounded.
The spriggan hits you with a +6 whip of freezing.
* * * LOW HITPOINT WARNING * * *
The spriggan freezes you.
* * * LOW HITPOINT WARNING * * *
You feel much better.
The spriggan hits you with a +6 whip of freezing!
* * * LOW HITPOINT WARNING * * *
The spriggan freezes you.
* * * LOW HITPOINT WARNING * * *
You barely miss the spriggan.
The spriggan is heavily wounded.
The spriggan hits you with a +6 whip of freezing.
* * * LOW HITPOINT WARNING * * *
The spriggan freezes you.
* * * LOW HITPOINT WARNING * * *
You closely miss the spriggan.
The spriggan is heavily wounded.
You barely miss the spriggan.
The spriggan is heavily wounded.
The spriggan hits you with a +6 whip of freezing!
You die...

#########
#.......##
.).......## ##
)#♣####♣..##
##.## ♣#
##..## ##...##
♣ ##..##
#.....#
##..###.....##
♣..~~)@.∩...#
#..~~i......#
#..~~~......#
#..~~~......#
#..~~~..∩...#
#..###.....##
♣..## #.....#
#..## ##...##
#..# ##.##


You could see a spriggan (drained).

Vanquished Creatures
  Grinder (D:3)
  4 spriggans (Bailey)
  Sigmund (D:2)
  A steam dragon (D:4)
  Edmund (D:4)
  An acid dragon (D:7)
  2 water moccasins
  An orc warrior (D:7)
  3 sky beasts (D:7)
  5 ogres
  A centaur (D:6)
  2 kobold brigands
  4 wights (D:7)
  A howler monkey (D:5)
  An electric eel (D:7)
  An orc priest (D:7)
  5 hounds
  A jelly (D:7)
  2 gnoll boudas (D:7)
  3 iron imps (D:3)
  9 orc wizards
  3 iguanas
  Crazy Yiuf (D:4)
  3 gnolls (D:7)
  7 river rats
  8 adders
  3 shadow imps
  2 worms (D:3)
  A dart slug (D:3)
  13 orcs
  5 ball pythons
  2 endoplasms
  8 goblins
  8 hobgoblins
  24 kobolds
  5 quokkas
  3 bats
  25 rats
171 creatures vanquished.

Vanquished Creatures (others)
  2 orc priests (D:3)
2 creatures vanquished.

Grand Total: 173 creatures vanquished

Notes
Turn   | Place    | Note
-------+----------+-------------------------------------------
     0 | D:1      | BONEBRO the Hill Orc Fighter began the quest for the Orb.
     0 | D:1      | Reached XP level 1. HP: 19/19 MP: 1/1
    61 | D:1      | Reached XP level 2. HP: 25/27 MP: 2/2
   410 | D:2      | Noticed Sigmund
   492 | D:2      | Reached XP level 3. HP: 33/33 MP: 3/3
   525 | D:2      | Killed Sigmund
   526 | D:2      | Reached XP level 4. HP: 7/40 MP: 4/4
   526 | D:2      | Reached XP level 5. HP: 9/46 MP: 5/5
   823 | D:2      | You fall into a shaft and drop 1 floor!
  1116 | D:3      | Reached XP level 6. HP: 30/52 MP: 6/6
  1252 | D:3      | Found a glowing drain.
  1262 | Sewer    | Entered a sewer
  1775 | Sewer    | Reached XP level 7. HP: 55/58 MP: 7/7
  2105 | D:3      | Became a worshipper of Beogh the Brigand
  2109 | D:3      | Noticed Grinder
  2124 | D:3      | Paralysed by Grinder for 2 turns
  2132 | D:3      | Paralysed by Grinder for 2 turns
  2137 | D:3      | Killed Grinder
  2138 | D:3      | Reached skill level 10 in Axes
  2572 | D:3      | Found a burning altar of Makhleb.
  2598 | D:3      | Reached skill level 5 in Armour
  2815 | D:4      | Noticed Edmund
  2822 | D:4      | Killed Edmund
  2823 | D:4      | Reached XP level 8. HP: 13/66 MP: 8/8
  3231 | D:4      | Found a runed translucent door.
  3232 | D:4      | Noticed Crazy Yiuf
  3450 | D:4      | Found a stormy altar of Qazlal.
  3654 | D:4      | Killed Crazy Yiuf
  3853 | D:5      | Entered Level 5 of the Dungeon
  3921 | D:5      | Got the Meditations on the Missiles and Obstruction
  4278 | D:5      | Reached skill level 1 in Maces & Flails
  4456 | D:5      | Found a shimmering blue altar of Sif Muna.
  4462 | D:5      | Got Sif Muna's Book of Command
  4468 | D:5      | Found an ancient bone altar of Kikubaaqudgha.
  4521 | D:5      | Found a radiant altar of Vehumet.
  4584 | D:5      | Found a staircase to the Ecumenical Temple.
  4703 | D:6      | Found Fatyich's Book Boutique.
  5071 | D:6      | Reached XP level 9. HP: 51/71 MP: 9/9
  5431 | D:6      | Found an ornate altar of the Wu Jian Council.
  5675 | D:7      | Reached skill level 5 in Maces & Flails
  5743 | D:7      | Reached * piety under Beogh
  6712 | D:7      | Found Toexukeg's Book Emporium.
  7333 | D:8      | Found a flagged portal.
  7343 | Bailey   | Entered a bailey
  7541 | Bailey   | Reached XP level 10. HP: 78/78 MP: 10/10
  7568 | Bailey   | Reached skill level 10 in Maces & Flails
  7667 | Bailey   | Slain by a spriggan

Illustrated notes

Levels and vault maps discovered:
D:1:      roderic_crop_circles_arrival_small, layout_rooms, minmay_surrounded
D:2:      layout_rooms, serial_corexii_hall, chequers_hall_statues_corner_a,
          chequers_hall_statues_corner_a, corexii_hall_statues_deadend,
          uniq_sigmund
D:3:      layout_basic, demons_altar, gup_sewer_entry_spiral, minivault_19,
          corexii_shack, uniq_grinder
D:4:      layout_cave_pools, nicolae_qazlal_eye_of_the_storm,
          hangedman_decor_clover_reticule, minmay_misc_feat_five,
          eino_tiny_chamber, grunt_ministairs_2, minmay_unequal,
          uniq_crazy_yiuf_cottage, uniq_edmund
D:5:      layout_loops_ring, palyth_temple_overflow_mages,
          minmay_temple_entry_nine_rooms
D:6:      layout_cave_pools, mainiacjoe_overflow_alcove_4, serial_shops, shop
D:7:      minmay_skewed_foursquare, layout_basic, serial_shops,
          nicolae_square_shop, kennysheep_dice
D:8:      layout_cave_pools, nzn_hepliaklqana_mist_gate,
          ebering_ghost_funeral_grove, enter_bailey_2, nicolae_diode_basic
Bailey:   bailey_polearm_enchanted_keep_hellmonk, bailey

Skill      XL: |  1  2  3  4  5  6  7  8  9 10 |
---------------+-------------------------------+-----
Axes           | 3 4 7 9 10 | 10.0
Armour         | 6 9 |  9.2
Maces & Flails | 3 9 10 | 10.3
Fighting       | |  3.7
Shields        | |  3.3

Action                     |  1- 3 |  4- 6 |  7- 9 | 10-12 || total
---------------------------+-------+-------+-------+-------++-------
  Melee: War axe           |    68 |   167 |    81 |       ||   316
         Flail             |       |       |   234 |    31 ||   265
 Invoke: Convert to Beogh  |       |       |     1 |       ||     1
    Use: Potion            |     1 |       |     3 |     2 ||     6
         Scroll            |       |       |    11 |     1 ||    12
 Armour: Scale mail        |    28 |    62 |   124 |       ||   214
         Acid dragon scale |       |       |     2 |     5 ||     7
  Dodge: Dodged            |    39 |    64 |   127 |    14 ||   244
  Block: Buckler           |    18 |    34 |    59 |     6 ||   117
